Map: Acid Plant LE

Players

YYFYYF

  • Race: Zerg Zerg
  • League: Master
  • Spawn Location: 11:00

zuka - Winner!

  • Race: Protoss Protoss
  • League: Master
  • Spawn Location: 5:00

VOD

Have the link to the VOD?

Description

Time

  • Played on: July 22, 2018, 1:47 p.m.
  • Length: 7:02
Show
View Real Time Build Order
Export as new Build Order

YYFYYF Zerg 

Build Orders: Hatch First 

Get SALT Encoding   

  12  0:00  Drone  
  13  0:12  Overlord  
  13  0:17  Drone  
  14  0:31  Drone x2  
  16  0:48  Hatchery  
  15  0:52  Drone  
  15  0:55  Drone  
  17  1:06  Extractor  
  16  1:12  Spawning Pool  
  16  1:14  Drone  
  16  1:17  Drone  
  17  1:24  Drone  
  18  1:31  Drone  
  19  1:40  Overlord  
  19  2:00  Queen x2  
  23  2:03  Zergling x2  
  23  2:04  Drone  
  23  2:05  Drone  
  26  2:09  Metabolic Boost  
  26  2:11  Drone  
  27  2:16  Drone  
  27  2:21  Drone  
  27  2:22  Drone  
  30  2:40  Hatchery  
  30  2:43  Drone  
  30  2:47  Queen  
  32  2:53  Overlord  
  32  2:56  Overlord  
  32  2:57  Drone  
  33  3:12  Drone x2  
  35  3:13  Drone  
  35  3:15  Drone x3  
  35  3:16  Drone x2  
  35  3:17  Drone  
  42  3:22  Zergling x2  
  42  3:25  Overlord  
  43  3:35  Zergling x2  
  43  3:46  Evolution Chamber  
  42  3:51  Drone x2, Overlord x2  
  42  3:53  Lair  
  42  3:54  Queen, Drone x2  
  42  3:55  Drone  
  49  3:58  Extractor, Drone  
  49  3:59  Drone  
  49  4:00  Drone  
  51  4:03  Drone  
  51  4:08  Overlord  
  52  4:10  Drone  
  52  4:12  Extractor  
  52  4:15  Drone x2  
  54  4:21  Drone x2  
  54  4:23  Drone x2  
  58  4:27  Extractor  
  57  4:31  Zerg Melee Weapons Level 1  
  57  4:40  Zergling x4  
  57  4:41  Zergling x10  
  64  4:48  Baneling Nest  
  64  4:52  Spine Crawler  
  62  4:53  Spine Crawler  
  62  4:56  Zergling x2  
  62  4:57  Zergling x12  
  68  5:06  Overlord x3  
  68  5:08  Zergling x4  
  70  5:20  Zergling x10  
  74  5:27  Drone  
  74  5:28  Spire  
  74  5:45  Baneling  
  74  5:46  Baneling x3  
  74  5:47  Zergling x2  
  74  5:48  Zergling x12  
  74  5:49  Zergling x6  
  84  6:01  Baneling  
  84  6:02  Baneling x7  
  84  6:03  Baneling x2  
  84  6:07  Zergling x12  
  85  6:18  Zergling x6  
  85  6:19  Zergling x6  
  85  6:20  Overlord  
  69  6:33  Zergling x2  
  69  6:34  Zergling x6  
  69  6:39  Zergling x4  
Show
View Real Time Build Order
Export as new Build Order

zuka Protoss - Winner!

Build Orders: 1 Gate Expand 

Get SALT Encoding   

  12  0:01  Probe  
  13  0:13  Probe  
  14  0:21  Pylon  
  14  0:22  Probe  
  15  0:35  Probe  
  15  0:40  Gateway  
  16  0:46  Probe  
  17  0:50  Assimilator  
  17  0:56  Probe  
  17  1:02  Pylon  
  18  1:04  Probe  
  19  1:13  Probe  
  20  1:30  Nexus  
  20  1:40  Cybernetics Core  
  20  1:43  Probe  
  21  1:48  Assimilator  
  21  1:55  Probe  
  21  1:58  Pylon  
  22  2:07  Probe  
  22  2:08  Stalker  
  23  2:17  Warp Gate  
  23  2:19  Probe  
  26  2:31  Probe  
  26  2:36  Adept  
  27  2:43  Probe  
  30  2:44  Probe  
  30  2:46  Robotics Facility  
  31  2:55  Probe  
  31  2:57  Probe  
  33  3:04  Sentry  
  35  3:07  Probe  
  35  3:09  Probe  
  37  3:12  Gateway  
  37  3:17  Probe  
  37  3:18  Probe  
  37  3:19  Twilight Council  
  38  3:26  Probe x2  
  41  3:34  Probe  
  41  3:36  Warp Prism  
  44  3:42  Probe  
  46  3:48  Resonating Glaives  
  46  3:49  Gateway  
  46  3:53  Pylon  
  46  3:54  Pylon  
  46  4:02  Immortal  
  45  4:14  Gateway  
  49  4:23  Gateway  
  49  4:24  Sentry  
  51  4:26  Gateway  
  51  4:29  Adept  
  53  4:34  Pylon  
  53  4:35  Immortal  
  57  4:50  Gateway  
  57  4:52  Sentry, Pylon  
  59  4:53  Adept  
  59  4:59  Adept  
  63  5:11  Gateway  
  63  5:14  Adept  
  65  5:21  Pylon  
  65  5:22  Adept x2  
  65  5:23  Adept x2  
  73  5:37  Pylon  
  73  5:43  Adept x3  
  73  5:44  Adept  
  73  5:45  Adept  
  73  5:48  Adept  
  85  6:05  Adept x4  
  93  6:46  Adept x3  
  93  6:47  Adept x4  
  79  7:01  Pylon  
Tags
 
Add a new tag
Caveats
  • Supply blocks, unpowered buildings, or Contaminate may cause inaccurate times.
  • Supply counts are checked every 10 seconds.